Map: Orbital Shipyard

Players

ImotoFantasy - Winner!

  • Race: Protoss Protoss
  • League: Gold

Nults

  • Race: Protoss Protoss
  • League: Platinum

VOD

Have the link to the VOD?

Description

Time

  • Played on: Oct. 25, 2015, 6:35 p.m.
  • Length: 13:29
Show
View Real Time Build Order
Export as new Build Order

ImotoFantasy Protoss - Winner!

Build Orders: Phoenix Opening 

Get SALT Encoding   

  12  0:01  Probe (Chrono Boost)  
  13  0:14  Pylon  
  13  0:17  Probe (Chrono Boost)  
  14  0:27  Probe (Chrono Boost)  
  15  0:37  Gateway  
  15  0:38  Probe (Chrono Boost)  
  16  0:44  Assimilator  
  16  0:48  Probe (Chrono Boost)  
  17  0:55  Assimilator  
  17  0:59  Probe (Chrono Boost)  
  18  1:10  Probe (Chrono Boost)  
  19  1:20  Probe (Chrono Boost)  
  20  1:25  Cybernetics Core  
  20  1:31  Probe (Chrono Boost)  
  21  1:42  Pylon  
  21  1:43  Probe (Chrono Boost)  
  23  1:54  Probe (Chrono Boost)  
  23  2:02  Stargate  
  23  2:05  Probe (Chrono Boost)  
  24  2:17  Nexus  
  24  2:21  Probe (Chrono Boost)  
  25  2:29  Stalker (Chrono Boost)  
  27  2:33  Warp Gate (Chrono Boost)  
  27  2:39  Probe  
  27  2:43  Pylon  
  28  2:51  Phoenix (Chrono Boost)  
  30  2:55  Probe  
  31  3:13  Phoenix (Chrono Boost)  
  33  3:25  Gateway  
  33  3:28  Gateway  
  33  3:29  Pylon  
  33  3:31  Probe x2  
  35  3:47  Stalker  
  34  4:05  Phoenix  
  35  4:15  Probe  
  35  4:17  Probe  
  36  4:26  Probe  
  36  4:29  Probe  
  36  4:30  Phoenix  
  40  4:36  Probe  
  41  4:41  Probe  
  42  4:46  Sentry  
  42  4:47  Stalker  
  42  4:48  Stalker  
  42  4:49  Probe  
  49  4:53  Probe  
  50  5:11  Phoenix  
  50  5:12  Probe  
  50  5:14  Probe  
  52  5:19  Robotics Facility  
  52  5:22  Pylon  
  52  5:25  Assimilator  
  52  5:26  Probe x2  
  54  5:30  Assimilator  
  54  5:37  Probe  
  54  5:38  Probe  
  56  5:47  Probe  
  57  5:51  Nexus  
  55  6:04  Probe  
  55  6:06  Probe  
  55  6:08  Stalker x2  
  55  6:09  Zealot  
  63  6:15  Probe  
  63  6:18  Probe  
  55  6:48  Probe  
  55  6:50  Probe  
  55  6:51  Immortal  
  55  6:53  Stalker  
  55  6:54  Stalker x2  
  65  6:59  Probe  
  68  7:02  Probe  
  68  7:03  Probe  
  68  7:07  Void Ray  
  72  7:09  Probe  
  72  7:14  Probe  
  74  7:17  Probe  
  74  7:20  Probe  
  76  7:23  Pylon  
  76  7:26  Sentry, Probe, Zealot  
  76  7:27  Zealot  
  83  7:38  Pylon  
  83  7:41  Probe x2, Pylon, Assimilator  
  83  7:42  Immortal (Chrono Boost), Probe  
  90  7:46  Assimilator  
  90  7:53  Mothership Core, Twilight Council  
  90  7:54  Gateway  
  90  7:55  Void Ray  
  90  7:57  Gateway x2  
  96  8:03  Probe  
  96  8:04  Probe  
  98  8:09  Zealot x3  
  98  8:12  Probe  
  104  8:16  Immortal (Chrono Boost)  
  109  8:38  Charge (Chrono Boost)  
  109  8:50  Pylon  
  109  8:53  Fleet Beacon  
  109  8:57  Stargate  
  109  8:59  Pylon  
  109  9:02  Forge  
  109  9:05  Immortal  
  109  9:06  Nexus  
  109  9:07  Probe x2  
  109  9:08  Probe  
  116  9:21  Protoss Air Weapons Level 1 (Chrono Boost)  
  114  9:37  Pylon  
  114  9:38  Protoss Ground Weapons Level 1 (Chrono Boost)  
  114  9:40  Pylon  
  114  9:42  Carrier (Chrono Boost), Assimilator  
  114  9:43  Observer  
  120  9:47  Assimilator  
  121  9:55  Carrier (Chrono Boost)  
  121  9:57  Pylon  
  127  10:01  Pylon  
  127  10:05  Pylon  
  127  10:09  Photon Cannon  
  127  10:12  Photon Cannon  
  127  10:14  Pylon  
  127  10:15  Graviton Catapult  
  127  10:20  Immortal  
  131  10:25  Probe  
  131  10:27  Probe x3  
  135  10:36  Probe  
  135  10:39  Probe x3  
  139  10:51  Photon Cannon  
  139  10:53  Photon Cannon  
  139  10:57  Photon Cannon  
  139  10:59  Immortal  
  139  11:00  Pylon  
  139  11:02  Carrier (Chrono Boost)  
  149  11:07  Photon Cannon  
  149  11:10  Photon Cannon  
  149  11:13  Photon Cannon  
  149  11:14  Carrier (Chrono Boost)  
  155  11:33  Stargate  
  155  11:36  Stargate  
  149  11:47  Zealot x4  
  149  11:48  Zealot  
  155  11:56  Zealot  
  127  12:09  Immortal  
  127  12:10  Zealot x3  
  127  12:11  Zealot x2  
  147  12:32  Zealot x3  
  147  12:33  Zealot x3  
  159  12:49  Immortal  
  163  12:55  Probe x2  
  165  13:05  Zealot x3  
  149  13:06  Zealot x2  
Show
View Real Time Build Order
Export as new Build Order

Nults Protoss 

Build Orders: 1 Gate Expand, Blink Stalkers 

Get SALT Encoding   

  12  0:01  Probe (Chrono Boost)  
  13  0:11  Probe (Chrono Boost)  
  14  0:17  Pylon  
  14  0:22  Probe (Chrono Boost)  
  16  0:36  Probe (Chrono Boost)  
  16  0:38  Gateway  
  16  0:43  Assimilator  
  16  0:46  Probe (Chrono Boost)  
  17  0:57  Probe (Chrono Boost)  
  18  1:07  Probe (Chrono Boost)  
  19  1:18  Probe (Chrono Boost)  
  20  1:26  Cybernetics Core  
  20  1:30  Probe (Chrono Boost)  
  21  1:40  Nexus  
  21  1:44  Probe (Chrono Boost)  
  22  1:56  Pylon  
  22  1:58  Probe (Chrono Boost)  
  23  2:03  Assimilator  
  23  2:06  Warp Gate (Chrono Boost)  
  23  2:14  Probe (Chrono Boost), Adept (Chrono Boost)  
  26  2:26  Probe (Chrono Boost)  
  27  2:38  Probe (Chrono Boost)  
  27  2:39  Adept  
  30  2:49  Probe (Chrono Boost)  
  31  2:53  Twilight Council  
  31  2:59  Probe (Chrono Boost)  
  31  3:01  Probe (Chrono Boost)  
  33  3:11  Probe x2  
  35  3:22  Gateway x2, Probe  
  35  3:23  Probe  
  37  3:30  Blink (Chrono Boost)  
  37  3:32  Probe  
  38  3:35  Probe  
  39  3:43  Probe  
  39  3:48  Probe  
  41  3:50  Robotics Facility  
  41  3:58  Probe  
  41  4:00  Probe  
  41  4:02  Pylon  
  43  4:06  Pylon x2  
  43  4:07  Mothership Core  
  43  4:10  Pylon  
  43  4:13  Pylon  
  43  4:22  Stalker x3  
  47  4:24  Probe  
  47  4:27  Probe  
  49  4:35  Assimilator  
  49  4:37  Probe  
  50  4:40  Observer, Assimilator  
  51  4:46  Probe  
  51  4:49  Probe  
  53  4:57  Probe  
  53  4:59  Gateway  
  54  5:01  Probe, Forge  
  54  5:06  Mothership Core  
  53  5:13  Probe  
  56  5:23  Robotics Bay  
  56  5:25  Probe  
  57  5:32  Nexus  
  56  5:40  Probe  
  56  5:41  Probe  
  58  5:51  Probe  
  58  5:53  Probe  
  57  5:57  Assimilator  
  57  6:02  Probe  
  57  6:03  Assimilator  
  58  6:05  Probe  
  58  6:07  Stalker x3  
  58  6:09  Stalker  
  67  6:12  Probe  
  67  6:17  Probe  
  69  6:23  Probe  
  70  6:26  Disruptor, Photon Cannon  
  71  6:36  Stalker x2  
  71  6:37  Stalker  
  73  6:49  Probe  
  73  6:50  Probe  
  75  7:01  Probe  
  75  7:02  Probe  
  77  7:12  Probe  
  77  7:14  Probe  
  79  7:15  Disruptor  
  79  7:20  Stalker x3  
  79  7:22  Probe  
  88  7:26  Probe  
  88  7:27  Pylon x2  
  88  7:28  Protoss Ground Weapons Level 1 (Chrono Boost)  
  90  7:30  Pylon  
  90  7:42  Pylon  
  90  7:51  Disruptor  
  90  7:54  Stalker x3  
  99  8:01  Gateway  
  99  8:06  Gateway x3  
  99  8:11  Probe x2  
  99  8:12  Gateway  
  99  8:15  Gateway  
  101  8:22  Probe  
  101  8:27  Disruptor  
  101  8:34  Probe x2, Robotics Facility  
  101  8:45  Probe  
  101  8:46  Forge  
  101  8:47  Stalker x3  
  101  8:48  Stalker  
  110  9:06  Protoss Ground Armor Level 1 (Chrono Boost)  
  110  9:11  Disruptor  
  110  9:13  Stalker x2  
  110  9:14  Stalker x3  
  121  9:20  Photon Cannon  
  121  9:22  Photon Cannon  
  121  9:24  Photon Cannon  
  121  9:27  Disruptor (Chrono Boost)  
  123  9:31  Nexus  
  123  9:33  Probe, Pylon  
  123  9:34  Probe  
  125  9:39  Protoss Ground Weapons Level 2 (Chrono Boost)  
  125  9:42  Pylon  
  125  9:48  Pylon  
  125  9:50  Probe  
  125  9:51  Probe x2  
  125  9:52  Pylon, Warp Prism (Chrono Boost)  
  128  9:55  Pylon  
  130  10:00  Probe  
  130  10:03  Probe x2  
  133  10:11  Probe  
  133  10:12  Disruptor (Chrono Boost)  
  133  10:13  Stalker x3  
  133  10:14  Stalker x3  
  145  10:15  Probe x2  
  150  10:21  Probe  
  150  10:22  Stalker x4  
  159  10:40  Photon Cannon, Assimilator  
  159  10:42  Assimilator  
  159  10:44  Photon Cannon  
  159  10:48  Photon Cannon  
  159  10:52  Photon Cannon  
  159  10:53  Stalker x3  
  159  10:54  Stalker x2  
  172  11:04  Disruptor (Chrono Boost)  
  172  11:05  Disruptor (Chrono Boost)  
  175  11:17  Pylon  
  175  11:21  Pylon  
  175  11:23  Pylon  
  175  11:25  Pylon  
  175  11:41  Stalker x3  
  175  11:42  Stalker x6  
  155  12:03  Disruptor x2 (Chrono Boost)  
  155  12:07  Stalker x4  
  155  12:08  Stalker  
  146  12:30  Stalker x4  
  146  12:31  Stalker x2  
  146  12:34  Disruptor (Chrono Boost)  
  146  12:36  Disruptor (Chrono Boost)  
  164  12:42  Stalker x3  
Tags
 
Add a new tag
Caveats
  • Supply blocks, unpowered buildings, or Contaminate may cause inaccurate times.
  • Supply counts are checked every 10 seconds.